 Dungeon Crawl Stone Soup version 0.20.1-1-g8b1a95d (webtiles) character file.

841 kae the Insei (level 7, -6/56 HPs)
             Began as a Demonspawn Gladiator on Sept 15, 2017.
             Was an Initiate of Okawaru.
             Mangled by an orc warrior
             ... wielding a +0 dire flail
              (16 damage)
             ... on level 6 of the Dungeon.
             The game lasted 00:09:24 (7330 turns).

kae the Insei (Demonspawn Gladiator)                Turns: 7330, Time: 00:09:25

Health: -6/56      AC:  6    Str: 13 (14) XL:     7   Next: 67%
Magic:  9/9        EV: 13    Int:  8 (9)  God:    Okawaru [......]
Gold:   262        SH:  0    Dex: 19      Spells: 6/6 levels left

rFire    . . .     SeeInvis .     - Unarmed
rCold    . . .     Gourm    .   (no shield)
rNeg     . . .     Faith    .   a - +1 leather armour
rPois    .         Spirit   .   (helmet restricted)
rElec    .         Reflect  .   (no cloak)
rCorr    .         Harm     .   (no gloves)
MR       .....     Rnd*Rage +   (no boots)
Stlth    ++........             (no amulet)
Regen    0.2/turn               o - ring of wizardry
MPRegen  0.2/turn               j - +2 ring of dexterity

@: no status effects
A: antennae 2, thin metallic scales 1, berserk 1, blurry vision 1, demonic
guardian 1, high mp 1, nightstalker 1
a: Renounce Religion


You were on level 6 of the Dungeon.
You worshipped Okawaru.
Okawaru was noncommittal.
You were hungry.

You visited 2 branches of the dungeon, and saw 7 of its levels.

You collected 262 gold pieces.

Inventory:

Missiles
 c - a throwing net (quivered)
Armour
 a - a +1 leather armour (worn)
 b - a +0 helmet
Jewellery
 g - an uncursed ring of flight
 j - a +2 ring of dexterity (right hand)
 o - a ring of wizardry (left hand)
Scrolls
 h - a scroll of brand weapon {unknown}
 t - 2 scrolls of teleportation
Potions
 e - 2 potions of brilliance
 f - 2 potions of invisibility
 l - a potion of mutation
 p - 3 potions of lignification
 u - 2 potions of haste
Comestibles
 d - 5 bread rations
 i - 5 royal jellies
 k - 3 meat rations
 m - 3 fruits


   Skills:
 + Level 5.0 Fighting
 + Level 2.6 Throwing
 - Level 2.6 Dodging
 * Level 6.7 Unarmed Combat
 + Level 2.2 Invocations


You had 6 spell levels left.
You didn't know any spells.

Dungeon Overview and Level Annotations

Branches:
Dungeon (6/15)             Temple (1/1) D:4

Altars:
Dithmenos
Elyvilon
Gozag
Hepliaklqana
Kikubaaqudgha
Nemelex Xobeh
Okawaru
Qazlal
Ru
Sif Muna
Trog
Uskayaw
Xom
Yredelemnul
Zin
The Shining One

Shops:
D:4 [

Annotations:
D:2 2 transporters


Innate Abilities, Weirdness & Mutations

You have a pair of antennae on your head.
You are partially covered in thin metallic scales. (AC +2)
A weak demonic guardian rushes to your aid.
You are slightly more attuned to the shadows.
You tend to lose your temper in combat.
Scrolls take you a little longer to read.
You have an increased reservoir of magic. (+10% MP)


Message History

Your quasit bites the orc warrior.
Your quasit claws the orc warrior but does no damage.
Your quasit barely misses the orc warrior.
You punch the orc wizard!
The orc wizard is almost dead.
The orc wizard casts a spell at you. The magic dart hits you!
* * * LOW HITPOINT WARNING * * *
Your quasit bites the orc warrior but does no damage.
Your quasit claws the orc warrior but does no damage.
Your quasit claws the orc warrior.
The orc warrior closely misses you.
You hit the orc wizard but do no damage.
The orc wizard is almost dead.
The orc wizard casts a spell at you. The magic dart hits you!
* * * LOW HITPOINT WARNING * * *
Your quasit bites the orc warrior but does no damage.
Your quasit claws the orc warrior but does no damage. x2
The orc warrior hits you with a dire flail!
You die...

#... ##.).....# #..#
###..####........####
#..#
.....................
...#
o.'#...........####
###.# #...........#
#.#
.................#
#.#
.......###.......#
...o...# ##'######
.......# #@5..#
###g...##.oo...#
#..####.#....#
#.#....# # #....#
#....# #....#


You could see an orc warrior, an orc wizard and a friendly quasit.

Vanquished Creatures
  Menkaure (D:6)
  A black bear (D:4)
  A scorpion (D:4)
  2 crimson imps
  2 hounds
  A jelly (D:5)
  An orc wizard (D:6)
  An iguana (D:5)
  5 worker ants (D:4)
  A hound zombie (D:6)
  A worker ant zombie (D:6)
  2 gnolls (D:6)
  6 adders
  An adder skeleton (D:6)
  A worm (D:2)
  3 leopard geckos
  11 orcs
  10 giant cockroaches
  8 hobgoblins
  13 jackals
  2 quokkas
  4 ball pythons
  8 bats
  4 frilled lizards
  12 goblins
  10 kobolds
  12 rats
124 creatures vanquished.

Vanquished Creatures (collateral kills)
  A howler monkey (D:6)
  A jelly (D:3)
  A gnoll shaman (D:6)
  An orc wizard (D:4)
  A gnoll (D:6)
  5 orcs
10 creatures vanquished.

Grand Total: 134 creatures vanquished

Notes
Turn   | Place    | Note
-------+----------+-------------------------------------------
     0 | D:1      | kae the Demonspawn Gladiator began the quest for the Orb.
     0 | D:1      | Reached XP level 1. HP: 16/16 MP: 1/1
   145 | D:1      | Reached skill level 3 in Unarmed Combat
   283 | D:1      | Gained mutation: You have a pair of small antennae on your head. [demonic ancestry]
   283 | D:1      | Reached XP level 2. HP: 22/22 MP: 2/2
  1371 | D:1      | Gained mutation: You have a pair of antennae on your head. [demonic ancestry]
  1371 | D:1      | Reached XP level 3. HP: 27/28 MP: 3/3
  1429 | D:2      | Found a stormy altar of Qazlal.
  1429 | D:2      | Found a shimmering altar of Xom.
  1430 | D:2      | Found a transporter.
  1944 | D:2      | Found a transporter.
  2115 | D:3      | Gained mutation: A weak demonic guardian rushes to your aid. [demonic ancestry]
  2115 | D:3      | Reached XP level 4. HP: 30/35 MP: 4/4
  2128 | D:3      | Reached skill level 4 in Unarmed Combat
  2331 | D:3      | Found a sparkling altar of Nemelex Xobeh.
  2509 | D:3      | Found a deep blue altar of Sif Muna.
  3652 | D:4      | Reached XP level 5. HP: 33/41 MP: 5/5
  3931 | D:4      | Found Fuowe's Armour Shoppe.
  4020 | D:4      | Reached skill level 5 in Unarmed Combat
  4576 | D:4      | Gained mutation: You are partially covered in thin metallic scales. (AC +2) [demonic ancestry]
  4576 | D:4      | Reached XP level 6. HP: 42/48 MP: 6/6
  4958 | D:4      | Reached skill level 6 in Unarmed Combat
  5158 | D:4      | Found a staircase to the Ecumenical Temple.
  5387 | Temple   | Entered the Ecumenical Temple
  5513 | Temple   | Became a worshipper of Warmaster Okawaru
  5585 | D:5      | Entered Level 5 of the Dungeon
  5820 | D:5      | Noticed a sky beast
  6258 | D:5      | Found an ancient bone altar of Kikubaaqudgha.
  6278 | D:5      | Gained mutation: You are slightly more attuned to the shadows. [demonic ancestry]
  6278 | D:5      | Reached XP level 7. HP: 41/55 MP: 7/7
  6464 | D:5      | Reached skill level 1 in Invocations
  6996 | D:6      | Noticed Menkaure
  7017 | D:6      | Gained mutation: Scrolls take you a little longer to read. [potion of mutation]
  7017 | D:6      | Gained mutation: You tend to lose your temper in combat. [potion of mutation]
  7017 | D:6      | Gained mutation: You have an increased reservoir of magic. (+10% MP) [potion of mutation]
  7021 | D:6      | Killed Menkaure
  7022 | D:6      | Reached skill level 5 in Fighting
  7330 | D:6      | Mangled by an orc warrior

Skill      XL: |  1  2  3  4  5  6  7 |
---------------+----------------------+-----
Unarmed Combat | 3 4 5 6 |  6.7
Fighting       | 3 4 5 |  5.0
Throwing       | 2 |  2.6
Invocations    | 2 |  2.2
Dodging        | |  2.6

Action                   |  1- 3 |  4- 6 |  7- 9 || total
-------------------------+-------+-------+-------++-------
Melee: Unarmed           |   193 |   321 |    68 ||   582
       Punch             |     1 |     1 |     4 ||     6
Throw: Throwing net      |     2 |     3 |       ||     5
  Use: Scroll            |     2 |     3 |     8 ||    13
       Potion            |       |     1 |     7 ||     8
 Stab: Sleeping          |     2 |       |     2 ||     4
       Held in net/web   |     2 |     2 |       ||     4
       Distracted        |       |     3 |       ||     3
  Eat: Chunk             |     4 |    13 |     3 ||    20
Armor: Leather armour    |    50 |    74 |    11 ||   135
       Skin              |       |       |     1 ||     1
Dodge: Dodged            |   126 |   183 |    28 ||   337
